 Dungeon Crawl Stone Soup version 0.30-b1-2-g02819fbbbe (webtiles) character file.

Game seed: 8389744497393993668

2919 LLlMATKO the Cleaver (level 9, -2/80 (81) HPs)
             Began as a Minotaur Berserker on Nov 28, 2023.
             Was an Elder of Trog.
             Slain by Psyche
             ... wielding a +0 dagger of chaos
              (5 damage)
             ... on level 8 of the Dungeon.
             The game lasted 00:06:16 (7770 turns).

LLlMATKO the Cleaver (Minotaur Berserker)           Turns: 7770, Time: 00:06:16

HP:   -2/80 (81)    AC:  0    Str: 26    XL:     9   Next: 50%
MP:   8/8           EV: 16    Int:  4    God:    Trog [****..]
Gold: 513           SH:  0    Dex: 10    Spells: 8/8 levels left

rFire   . . .        y - melded +0 war axe
rCold   . . .        q - melded +0 tower shield
rNeg    . . .        L - melded +0 plate armour
rPois   .            (helmet currently unavailable)
rElec   .            (cloak currently unavailable)
rCorr   .            (gloves currently unavailable)
SInv    .            (boots currently unavailable)
Will    .....        (no amulet)
Stlth   +            (ring currently unavailable)
HPRegen 0.33/turn    (ring currently unavailable)
MPRegen 0.11/turn

%: no passive effects
@: pig-form (expiring), on berserk cooldown, slowed, lightly drained
A: fast, no casting, small, (horns 2), (retaliatory headbutt)
a: Renounce Religion, Berserk, Trog's Hand, Brothers in Arms


You were on level 8 of the Dungeon.
You worshipped Trog.
Trog was greatly pleased with you.
You were a filthy swine.
You visited 1 branch of the dungeon, and saw 8 of its levels.
You also visited: Sewer.

You collected 513 gold pieces.

Inventory:

Hand Weapons
 y - a +0 war axe (melded)
 J - a +0 war axe
Missiles
 s - 5 atropa-tipped darts (quivered)
 x - 22 poisoned darts
Armour
 q - a +0 tower shield (melded)
 L - a +0 plate armour (melded)
Wands
 E - a wand of flame (31)
 F - a wand of iceblast (25)
Scrolls
 i - 12 scrolls of identify
 k - a scroll of immolation
 m - 2 scrolls of magic mapping
 n - a scroll of brand weapon {unknown}
 o - a scroll of vulnerability {unknown}
 u - 2 scrolls of enchant armour {unknown}
 v - a scroll of acquirement {unknown}
 w - a scroll of fear {unknown}
 A - 4 scrolls of enchant weapon {unknown}
 B - 2 scrolls of blinking
 D - a scroll of amnesia {unknown}
 G - a scroll of teleportation {unknown}
 H - a scroll of silence {unknown}
 K - a scroll of poison {unknown}
Potions
 a - 3 potions of brilliance {unknown}
 c - 3 potions of heal wounds {unknown}
 d - a potion of flight {unknown}
 e - a potion of magic {unknown}
 f - 2 potions of invisibility
 g - a potion of haste {unknown}
 h - 2 potions of cancellation {unknown}
 j - 2 potions of might
 l - 2 potions of berserk rage {unknown}
 p - 5 potions of mutation {unknown}
 r - 4 potions of ambrosia {unknown}
 t - 3 potions of curing {unknown}
 z - 2 potions of lignification {unknown}
 C - 2 potions of attraction {unknown}
 I - a potion of resistance {unknown}


   Skills:
 + Level 8.0 Fighting
 + Level 8.0 Axes
 + Level 7.6 Armour
 + Level 6.8 Dodging
 + Level 6.5 Shields


You had 8 spell levels left.
You didn't know any spells.
Your spell library was empty.

Dungeon Overview and Level Annotations

Branches:
Dungeon (8/15)             Temple (0/1) D:7           Sewer (visited)
   Lair: D:8-11

Altars:
Dithmenos
Hepliaklqana
Kikubaaqudgha
Okawaru
Qazlal
Ru
Trog
Wu Jian

Annotations:
D:7 2 transporters, Millikuen's ghost, amateur DsNe
D:8 Psyche


Innate Abilities, Weirdness & Mutations

You are a filthy swine.
You move quickly.
Your equipment is almost entirely melded.
You are incapable of wielding weapons or throwing items.
You cannot cast spells.
((You have a pair of horns on your head.))
((You reflexively headbutt those who attack you in melee.))


Message History

You are no longer berserk.
You are exhausted.
You feel yourself slow down. Something hits you but does no damage.
You slash something! Your headbutt misses something.
You feel sick.
You are no longer poisoned.
You hear some strange, mumbled words.
Something tries to affect you, but you resist.
You block something's attack.
You hear some strange, mumbled words.
You turn into a filthy swine.
Your +0 war axe melds into your body.
Your +0 tower shield melds into your body.
Your +0 plate armour melds into your body.
You closely miss something.
You hear some strange, mumbled words.
A swirling arc of seething chaos appears!
An arc of chaos appears from out of thin air!
The arc of chaos hits you.
You closely miss something.
You hear some strange, mumbled words.
A swirling arc of seething chaos appears!
An arc of chaos appears from out of thin air!
The arc of chaos hits you.
You are poisoned.
Something completely misses you.
You feel sick.
You feel sick. Something hits you. Space warps horribly around you!!
* * * LOW HITPOINT WARNING * * *
You feel sick.
You feel sick. Something hits you.
* * * LOW HITPOINT WARNING * * *
Something freezes you.
* * * LOW HITPOINT WARNING * * *
You feel sick.
You hear some strange, mumbled words.
Your transformation is almost over.
You feel sick.
You are no longer poisoned.
Something hits you.
You die...

#.#.####..###...### # #
#)............[.. .#
####........#.## ###.#
#.####........#.# #...
#...............######.#
######.....<..###......#
#.......(# #.####.###.#
#........###.####.....#
####.###..h.......#####
#<# #.#######.... ..#
#.# #.### #### #.# #.
#.# #. #.# #. #.# #.#


There were no monsters in sight!

Vanquished Creatures
  Pikel (D:8)
  A troll (D:8)
  A water moccasin (D:7)
  An orc warrior (D:7)
  2 black bears
  2 ogres (D:6)
  2 phantoms (D:5)
  A bullfrog (D:7)
  A kobold brigand (D:7)
  2 scorpions
  6 wights (D:7)
  3 howler monkeys
  5 hounds
  A gnoll bouda (D:5)
  4 orc priests
  A jelly (D:5)
  5 iguanas
  3 orc wizards
  A mummy (D:5)
  Robin (D:3)
  15 adders
  8 gnolls
  3 ufetubi
  2 worms
  A dart slug (D:2)
  17 orcs
  4 endoplasms
  3 giant cockroaches
  14 goblins
  13 hobgoblins
  2 jackals (D:2)
  14 kobolds
  5 quokkas
  10 ball pythons
  7 bats
  7 frilled lizards
  8 rats
177 creatures vanquished.

Vanquished Creatures (others)
  An adder (D:2)
1 creature vanquished.

Grand Total: 178 creatures vanquished

Notes
Turn   | Place    | Note
-------+----------+-------------------------------------------
     0 | D:1      | LLlMATKO the Minotaur Berserker began the quest for the
                  | Orb.
     0 | D:1      | Reached XP level 1. HP: 19/19 MP: 0/0
   167 | D:1      | Reached XP level 2. HP: 26/27 MP: 1/1
   685 | D:1      | Found a faded altar of an unknown god.
  1286 | D:1      | Reached XP level 3. HP: 33/33 MP: 2/2
  1484 | D:2      | Reached ** piety under Trog
  1918 | D:2      | Reached XP level 4. HP: 41/41 MP: 3/3
  2199 | D:3      | Noticed Robin
  2208 | D:3      | Killed Robin
  2245 | D:3      | Reached *** piety under Trog
  2437 | D:3      | Reached skill level 1 in Shields
  2932 | D:4      | Reached XP level 5. HP: 47/47 MP: 4/4
  3220 | D:4      | Found a hazy altar of Hepliaklqana.
  3671 | D:4      | Found a sacrificial altar of Ru.
  3704 | D:5      | Entered Level 5 of the Dungeon
  3708 | D:5      | Noticed a phantom
  3713 | D:5      | Reached skill level 5 in Fighting
  3713 | D:5      | Reached skill level 5 in Axes
  3713 | D:5      | Reached XP level 6. HP: 56/56 MP: 5/5
  3905 | D:5      | Reached XP level 7. HP: 61/61 MP: 6/6
  3961 | D:5      | Found a glowing drain.
  3965 | Sewer    | Entered a sewer
  4434 | D:5      | Reached skill level 5 in Armour
  4644 | D:5      | Reached **** piety under Trog
  4845 | D:5      | Found a shadowy altar of Dithmenos.
  4848 | D:5      | Found an ornate altar of the Wu Jian Council.
  5200 | D:6      | Reached skill level 5 in Dodging
  5331 | D:6      | Reached XP level 8. HP: 56/70 MP: 7/7
  5652 | D:5      | Found an ancient bone altar of Kikubaaqudgha.
  5652 | D:5      | Found an iron altar of Okawaru.
  5652 | D:5      | Found a stormy altar of Qazlal.
  5969 | D:7      | Reached skill level 5 in Shields
  6290 | D:7      | Reached XP level 9. HP: 79/79 MP: 8/8
  6505 | D:7      | Found a transporter.
  6517 | D:7      | Found a bloodstained altar of Trog.
  6607 | D:7      | Found a staircase to the Ecumenical Temple.
  6616 | D:7      | Found a transporter.
  6616 | D:7      | Noticed a moth of wrath
  6617 | D:7      | Noticed a troll
  6617 | D:7      | Noticed Millikuen's ghost (amateur DsNe)
  7458 | D:8      | Noticed Pikel
  7463 | D:8      | Killed Pikel
  7511 | D:8      | Noticed a troll
  7522 | D:8      | Killed a troll
  7745 | D:8      | Noticed Psyche
  7766 | D:8      | HP: 3/80 [something (2)]
  7770 | D:8      | Slain by Psyche

Illustrated notes

Levels and vault maps discovered:
D:1:      amcnicky_arrival_underground_garden, layout_loops_corners,
          chequers_ecumenical_altar_island
D:2:      layout_rooms
D:3:      layout_basic, serial_bayou_pond_a, uniq_robin
D:4:      layout_loops_ring, nicolae_ru_the_path_less_chosen,
          lemuel_crystal_altar
D:5:      layout_basic, nicolae_overflow_hidden_temple,
          gup_ossuary_entry_pyramid, gup_sewer_entry_spiral, minivault_19,
          nicolae_kite_square_tiling_tiny
D:6:      layout_rooms
D:7:      layout_basic, temple_doors_cd, gammafunk_ghost_wrathful_warriors,
          grunt_decor_fettered
D:8:      layout_loops_ring, kennysheep_generic_room_13, uniq_psyche, uniq_pikel

Skill      XL: |  1  2  3  4  5  6  7  8  9 |
---------------+----------------------------+-----
Axes           | 4 5 6 7 8 |  8.0
Fighting       | 4 5 6 7 8 |  8.0
Armour         | 3 4 5 6 7 |  7.6
Dodging        | 3 4 5 6 |  6.8
Shields        | 1 2 3 4 5 6 |  6.5

Action                     |  1- 3 |  4- 6 |  7- 9 || total
---------------------------+-------+-------+-------++-------
  Melee: Hand axe          |   117 |    54 |       ||   171
         Headbutt          |    11 |    19 |    32 ||    62
         War axe           |       |    44 |   205 ||   249
         Unarmed           |       |       |     2 ||     2
  Throw: Dart              |       |     1 |     3 ||     4
 Invoke: Berserk           |     2 |     3 |     9 ||    14
    Use: Scroll            |       |     5 |       ||     5
   Stab: Sleeping          |     1 |       |       ||     1
 Armour: Animal skin       |    16 |       |       ||    16
         Chain mail        |    33 |    50 |    74 ||   157
         Ring mail         |     1 |       |       ||     1
         Plate armour      |       |       |    19 ||    19
  Dodge: Dodged            |    63 |    26 |    57 ||   146
  Block: Tower shield      |       |    60 |   149 ||   209
